AoeStats
← Gapsky2

MegaRandom

504953038Analyzed
1v1 RM · 26d ago on Sep 7, 2026· 57m 15s· 2 players
Game mode
Random Map
Map size
Tiny (2 player)
Population
200
Speed
Normal
Resources
Standard
Victory
Conquest
Starting age
Dark Age
Ending age
Imperial Age
RankedLock teamsTeams togetherTeam positionsShared explorationLock speedFull tech treeHidden civsTurbo modeCheats
Victory
Defeat
🇺🇸 Spanish · United States
647
+19
🇫🇷 Franks · France
709
-19
kevinroca
10:40 Feudal Age
12:27 Wheelbarrow
11:41 Double-Bit Axe
15:11 Scale Barding Armor
15:54 Forging
20:11 Gold Mining
21:12 Man-at-Arms
24:13 Castle Age
22:38 Stone Mining
23:58 Fletching
26:06 Hand Cart
28:56 Bow Saw
30:58 Bodkin Arrow
36:58 Husbandry
43:21 Imperial Age
41:01 Murder Holes
42:35 Iron Casting
44:19 Cavalier
47:24 Gold Shaft Mining
49:06 Chain Barding Armor
49:46 Blast Furnace
48:49 Padded Archer Armor
50:01 Loom
52:23 Paladin
57:37 Plate Barding Armor
Gapsky2
10:42 Feudal Age
12:01 Wheelbarrow
11:17 Double-Bit Axe
11:34 Horse Collar
17:47 Castle Age
29:10 Fletching
34:15 Heavy Plow
36:34 Husbandry
47:00 Imperial Age
45:33 Pikeman
46:14 Squires
46:28 Bloodlines
47:08 Ballistics
48:41 Chemistry
52:03 Elite Skirmisher
52:49 Thumb Ring
54:54 Bodkin Arrow
55:10 Forging
55:02 Scale Mail Armor
55:04 Padded Archer Armor
55:36 Halberdier
Connection lost

Rejoining the realm…

Still unreachable

The connection could not be restored.

Session expired

The server has moved on; the page needs a fresh start.